 Dungeon Crawl Stone Soup version 0.29-a0-414-g5075937ec3 (webtiles) character file.

Game seed: 2147267803973328619

2523 siradein the Grappler (level 9, -11/92 HPs)
             Began as a Troll Gladiator on May 16, 2022.
             Mangled by a two-headed ogre
             ... wielding a +0 giant club
              (28 damage)
             ... on level 7 of the Dungeon.
             The game lasted 00:26:10 (5987 turns).

siradein the Grappler (Troll Gladiator)             Turns: 5987, Time: 00:26:11

Health: -11/92     AC: 11    Str: 26    XL:     9   Next: 29%
Magic:  0/8        EV: 11    Int:  4    God:
Gold:   367        SH:  0    Dex: 13    Spells: 8/8 levels left

rFire   . . .      SeeInvis .     - Unarmed
rCold   . . .      Faith    .   (no shield)
rNeg    . . .      Spirit   +   y - +2 animal skin
rPois   .          Reflect  .   (helmet restricted)
rElec   .          Harm     .   s - +0 cloak
rCorr   .          Rampage  .   (gloves unavailable)
Will    .....                   (boots unavailable)
Stlth   +.........              C - amulet of guardian spirit
HPRegen 1.05/turn               e - ring of flight
MPRegen 0.11/turn               l - +4 ring of protection

@: flying
A: large, unfitting armour, claws 3, regeneration 1, shaggy fur 1, tough skin 1
a: no special abilities


You were on level 7 of the Dungeon.
You visited 1 branch of the dungeon, and saw 7 of its levels.

You collected 367 gold pieces.

Inventory:

Missiles
 c - 5 throwing nets
 d - 10 large rocks
 j - 5 boomerangs (quivered)
 q - 130 stones
 D - 3 poisoned darts
Armour
 s - a +0 cloak (worn)
 y - a +2 animal skin (worn)
Jewellery
 e - a ring of flight (left claw)
 f - an amulet of the acrobat
 l - a +4 ring of protection (right claw)
 C - an amulet of guardian spirit (around neck)
Wands
 v - a wand of flame (52)
Scrolls
 h - a scroll of fog
 i - 5 scrolls of teleportation
 k - a scroll of vulnerability {unknown}
 n - a scroll of summoning {unknown}
 o - a scroll of torment {unknown}
 r - a scroll of enchant armour {unknown}
 u - 3 scrolls of fear
 x - 2 scrolls of magic mapping
 A - a scroll of silence {unknown}
Potions
 a - 2 potions of haste {unknown}
 b - 3 potions of heal wounds
 g - 4 potions of curing
 m - a potion of attraction {unknown}
 p - 2 potions of mutation {unknown}
 w - a potion of experience {unknown}
 z - 2 potions of magic {unknown}
 B - a potion of cancellation {unknown}
 E - a potion of flight {unknown}


   Skills:
 + Level 6.9 Fighting
 - Level 1.7 Throwing
 + Level 5.1 Dodging
 + Level 8.6 Unarmed Combat


You had 8 spell levels left.
You didn't know any spells.
Your spell library contained the following spells:

 Spells                   Type           Power      Damage    Failure   Level
 Magic Dart               Conj           0%         1d3       50%         1
 Blink                    Tloc           0%         N/A       65%         2
 Corpse Rot               Necr/Air       0%         N/A       65%         2
 Searing Ray              Conj           0%         2d4       65%         2
 Sublimation of Blood     Necr           0%         N/A       65%         2
 Lesser Beckoning         Tloc           0%         N/A       86%         3
 Dispel Undead            Necr           0%         3d6       99%         4
 Fulminant Prism          Conj/Hex       0%         3d6       99%         4
 Petrify                  Tmut/Erth      0%         N/A       99%         4
 Irradiate                Conj/Tmut      0%         3d13      100%        5
 Manifold Assault         Tloc           0%         N/A       100%        5
 Death Channel            Necr           0%         N/A       100%        6


Dungeon Overview and Level Annotations

Branches:
Dungeon (7/15)
 Temple: D:4-7

Altars:
Hepliaklqana
Kikubaaqudgha
Nemelex Xobeh
Okawaru
Sif Muna
Vehumet
Wu Jian
Xom
Zin


Innate Abilities, Weirdness & Mutations

You are too large for most types of armour.
You have claws for hands.
Your natural rate of healing is unusually fast.
You are covered in fur. (AC +1)
You have tough skin. (AC +1)


Message History

Things that are here:
a +1 trident of protection; 2 poisoned darts; a +0 plate armour
Items here: )) [ †.
Things that are here:
a +0 flail; a +0 scale mail; an orc corpse
Things that are here:
a +0 quarterstaff; a +0 hunting sling; a +0 leather armour You throw a poisoned dart.
The poisoned dart hits the two-headed ogre.
The two-headed ogre is poisoned.
You throw a poisoned dart.
The poisoned dart hits the two-headed ogre.
The two-headed ogre looks even sicker.
You throw a poisoned dart.
The poisoned dart hits the two-headed ogre.
The two-headed ogre looks even sicker.
You throw a boomerang. The boomerang hits the two-headed ogre.
The two-headed ogre is lightly wounded.
You throw a boomerang. The boomerang hits the two-headed ogre!
The two-headed ogre is moderately wounded.
You barely miss the two-headed ogre.
The two-headed ogre is moderately wounded.
The two-headed ogre closely misses you.
The two-headed ogre hits you with a +0 giant club!!
You barely miss the two-headed ogre.
The two-headed ogre is moderately wounded.
The gnoll hits you from afar with a +0 spear.
You barely miss the two-headed ogre.
The two-headed ogre is moderately wounded.
The two-headed ogre hits you with a +0 giant club!
The two-headed ogre barely misses you. The gnoll hits you but does no damage.
You barely miss the two-headed ogre.
The two-headed ogre is moderately wounded.
You claw the two-headed ogre! You claw the two-headed ogre.
The two-headed ogre is severely wounded.
The gnoll hits you from afar with a +0 spear!
The two-headed ogre hits you with a +0 giant club!!
* * * LOW HITPOINT WARNING * * *
The two-headed ogre hits you with a +0 giant club!!
You die...

########
#......#######
.))..#.......#
#)##)#..####.#####
#.).[#..##.......#
...#.......#.###@#
#..<....####.# #O#
.....##......# #g#
###.########## #.#
...## ##.## ###
##...# #....#
#....# #.####


You could see a two-headed ogre (poisoned) and a gnoll.

Vanquished Creatures
  Pikel (D:5)
  Joseph (D:7)
  An orc warrior (D:7)
  A black bear (D:3)
  A sky beast (D:7)
  3 ogres
  A centaur (D:7)
  A bullfrog (D:6)
  3 scorpions
  3 orc priests
  4 hounds
  2 gnoll shamans
  2 jellies
  3 orc wizards
  Terence (D:3)
  An iguana (D:4)
  Natasha (thrice) (D:2)
  Robin (D:3)
  18 gnolls
  9 adders
  2 white imps
  An ufetubus (D:6)
  2 dart slugs
  17 orcs
  6 ball pythons
  7 endoplasms
  A giant cockroach (D:3)
  9 hobgoblins
  4 jackals
  3 quokkas
  5 bats
  3 frilled lizards
  11 goblins
  4 kobolds
  A rat (D:2)
136 creatures vanquished.

Notes
Turn   | Place    | Note
-------+----------+-------------------------------------------
     0 | D:1      | siradein the Troll Gladiator began the quest for the Orb.
     0 | D:1      | Reached XP level 1. HP: 19/19 MP: 0/0
   206 | D:1      | Reached XP level 2. HP: 28/28 MP: 1/1
   414 | D:1      | Found a faded altar of an unknown god.
   560 | D:1      | Reached XP level 3. HP: 30/35 MP: 2/2
   916 | D:2      | Noticed Natasha
   933 | D:2      | Killed Natasha
   934 | D:2      | Reached skill level 4 in Unarmed Combat
   945 | D:2      | Reached XP level 4. HP: 44/44 MP: 3/3
  1777 | D:2      | Noticed Natasha
  1783 | D:2      | Killed Natasha
  1923 | D:2      | Noticed Natasha
  1931 | D:2      | Killed Natasha
  1932 | D:2      | Reached XP level 5. HP: 53/53 MP: 4/4
  2700 | D:3      | Noticed a black bear
  2713 | D:3      | Killed a black bear
  2714 | D:3      | Reached skill level 5 in Unarmed Combat
  2826 | D:3      | Reached XP level 6. HP: 62/62 MP: 5/5
  3202 | D:3      | Noticed Robin
  3220 | D:3      | Killed Robin
  3268 | D:3      | Noticed Terence
  3275 | D:3      | Killed Terence
  3443 | D:3      | Found a shimmering blue altar of Sif Muna.
  3446 | D:3      | Found a glowing silver altar of Zin.
  3866 | D:4      | Reached skill level 6 in Unarmed Combat
  3925 | D:4      | Reached XP level 7. HP: 71/71 MP: 6/6
  4323 | D:4      | Reached skill level 5 in Fighting
  4398 | D:5      | Entered Level 5 of the Dungeon
  4618 | D:5      | Reached skill level 7 in Unarmed Combat
  4623 | D:5      | Reached XP level 8. HP: 68/81 MP: 7/7
  4639 | D:5      | Noticed Pikel
  4653 | D:5      | Killed Pikel
  4718 | D:5      | Found an iron altar of Okawaru.
  4718 | D:5      | Found an ancient bone altar of Kikubaaqudgha.
  4721 | D:5      | Found a sparkling altar of Nemelex Xobeh.
  4723 | D:5      | Found a shimmering altar of Xom.
  4723 | D:5      | Found a radiant altar of Vehumet.
  4875 | D:5      | Found a hazy altar of Hepliaklqana.
  5224 | D:6      | Found an ornate altar of the Wu Jian Council.
  5338 | D:6      | Reached skill level 8 in Unarmed Combat
  5694 | D:7      | Noticed a two-headed ogre
  5753 | D:7      | Reached XP level 9. HP: 89/92 MP: 8/8
  5866 | D:7      | Noticed Joseph
  5879 | D:7      | Killed Joseph
  5880 | D:7      | Reached skill level 5 in Dodging
  5987 | D:7      | Mangled by a two-headed ogre

Illustrated notes

Levels and vault maps discovered:
D:1:      minmay_arrival_diagonal_passages, layout_loops_cross,
          basic_ecumenical_altar, wander_ebering_terrifying_dragon_lair
D:2:      layout_basic, uniq_natasha
D:3:      layout_loops_corners, minitemple, uniq_terence, uniq_robin
D:4:      layout_rooms
D:5:      layout_cave_pools, grunt_temple_overflow_open,
          nicolae_overflow_hidden_temple, minmay_a_box_with_orc_wizards_in_it,
          uniq_pikel
D:6:      layout_loops_ring, lemuel_tele_altar
D:7:      layout_loops_cross, cheibriados_altar_1, minmay_temple_entry_poolview,
          hex_large, uniq_joseph

Skill      XL: |  1  2  3  4  5  6  7  8  9 |
---------------+----------------------------+-----
Fighting       | 2 3 4 5 6 |  6.9
Unarmed Combat | 4 5 6 7 8 |  8.6
Dodging        | 3 4 5 |  5.1
Throwing       | |  1.7

Action                   |  1- 3 |  4- 6 |  7- 9 || total
-------------------------+-------+-------+-------++-------
Melee: Unarmed           |    66 |   137 |   167 ||   370
       Punch             |       |     3 |     5 ||     8
Throw: Stone             |     4 |    60 |    51 ||   115
       Dart              |       |       |     3 ||     3
       Boomerang         |       |       |     2 ||     2
  Use: Scroll            |       |     2 |     5 ||     7
 Stab: Sleeping          |     3 |       |       ||     3
Armor: Robe              |    17 |    25 |       ||    42
       Animal skin       |       |    12 |    62 ||    74
Dodge: Dodged            |    30 |    66 |   107 ||   203

Table legend: (Time is in decaauts)
 A = Elapsed time spent in this place.
 B = Non-inter-level travel time spent in this place.
 C = Inter-level travel time spent in this place.
 D = Time resting spent in this place.
 E = Time spent auto-exploring this place.
 F = Levels seen in this place.
 G = Mean time per level.
                   A        B        C        D        E       F      G
               +--------+--------+--------+--------+--------+-----+--------+
         Total |   5949 |   5778 |    171 |     40 |   4568 |   7 |  849.9 |
       Dungeon |   5949 |   5778 |    171 |     40 |   4568 |   7 |  849.9 |
               +--------+--------+--------+--------+--------+-----+--------+

Top non-repeatable levels by time:
     D:2: 1827 daAuts
     D:3: 1103 daAuts
     D:1: 796 daAuts
     D:6: 723 daAuts
     D:4: 651 daAuts
     D:5: 625 daAuts
     D:7: 221 daAuts
